 Dungeon Crawl Stone Soup version 0.20-b1-24-gb21faa7 (webtiles) character file.

82 Gorglomux the Covered (level 4, -4/40 HPs)
             Began as a Minotaur Fighter on May 25, 2017.
             Slain by an ogre
             ... wielding a +0 giant club
              (9 damage)
             ... on level 4 of the Dungeon.
             The game lasted 00:00:53 (2370 turns).

Gorglomux the Covered (Minotaur Fighter)            Turns: 2370, Time: 00:00:54

Health: -4/40      AC:  7    Str: 21    XL:     4   Next: 21%
Magic:  3/3        EV:  8    Int: 10    God:
Gold:   218        SH:  9    Dex: 10    Spells: 3/3 levels left

rFire    . . .     SeeInvis .   a - +0 war axe
rCold    . . .     Gourm    .   c - +0 shield
rNeg     . . .     Faith    .   b - +0 scale mail
rPois    .         Spirit   .   (helmet restricted)
rElec    .         Reflect  .   (no cloak)
rCorr    .         Harm     .   (no gloves)
MR       .....                  (no boots)
Stlth    ..........             (no amulet)
Regen    0.2/turn               l - ring of flight
MPRegen  0.1/turn               (no ring)

@: brilliant, flying
A: retaliatory headbutt, horns 2
a: no special abilities


You were on level 4 of the Dungeon.
You were not hungry.

You visited 1 branch of the dungeon, and saw 4 of its levels.

You collected 218 gold pieces.

Inventory:

Hand Weapons
 a - a +0 war axe (weapon)
Armour
 b - a +0 scale mail (worn)
 c - a +0 shield (worn)
Jewellery
 l - a ring of flight (left hand)
Scrolls
 i - 3 scrolls of teleportation {unknown}
 j - a scroll of enchant weapon {unknown}
 A - a scroll of amnesia {unknown}
 C - a scroll of remove curse {unknown}
 E - 2 scrolls of enchant armour {unknown}
 G - a scroll of identify {unknown}
Potions
 d - a potion of might
 H - a potion of mutation {unknown}
 J - a potion of flight
Comestibles
 f - 2 bread rations
 h - 2 royal jellies
 z - a meat ration


   Skills:
 + Level 3.9 Fighting
 + Level 3.4 Axes
 + Level 4.3 Armour
 + Level 2.1 Dodging
 + Level 4.0 Shields


You had 3 spell levels left.
You didn't know any spells.

Dungeon Overview and Level Annotations

Branches:
Dungeon (4/15)
 Temple: D:4-7

Altars:
Ashenzari
Kikubaaqudgha
Okawaru
Qazlal
Sif Muna
Uskayaw
Zin
The Shining One


Innate Abilities, Weirdness & Mutations

You reflexively headbutt those who attack you in melee.
You have a pair of horns on your head.


Message History

Unknown command.
You are too injured to fight recklessly!
You are too injured to fight recklessly!
You are too injured to fight recklessly!
You are too injured to fight recklessly!
You are too injured to fight recklessly!
Unknown command.
You are too injured to fight recklessly!
You are too injured to fight recklessly!
You are too injured to fight recklessly!
You are too injured to fight recklessly!
You are too injured to fight recklessly!
You aren't carrying any items that you can evoke.
It was a potion of flight.
You feel very buoyant.
You fly up into the air.
You block the ogre's attack.
It was a potion of brilliance.
You feel clever all of a sudden. The ogre hits you with a giant club!
You die...

.# .. ##+#. #...
#..# #..# #..#
###########..#
#...@OS......#
#.##########.####
#.# #......# #.#
#.#.##.# #.#
#.#..<.# #.#
##.#....# #.#
#.....###.### #.#
#............ #.#
#.##########.


You could see an ogre and a ball python.

Vanquished Creatures
  Robin (D:2)
  2 adders (D:2)
  A worm (D:2)
  A dart slug (D:2)
  An orc (D:3)
  6 bats
  2 giant cockroaches (D:3)
  7 hobgoblins
  3 jackals (D:2)
  A ball python (D:2)
  3 frilled lizards
  12 goblins
  3 kobolds
  3 rats
46 creatures vanquished.

Notes
Turn   | Place    | Note
-------+----------+-------------------------------------------
     0 | D:1      | Gorglomux the Minotaur Fighter began the quest for the Orb.
     0 | D:1      | Reached XP level 1. HP: 19/19 MP: 0/0
   544 | D:1      | Reached skill level 1 in Dodging
   749 | D:2      | Reached XP level 2. HP: 26/26 MP: 1/1
   773 | D:2      | Found a glowing silver altar of Zin.
   782 | D:2      | Found a stormy altar of Qazlal.
   786 | D:2      | Found an iron altar of Okawaru.
   787 | D:2      | Found a shattered altar of Ashenzari.
   787 | D:2      | Found a hide-covered altar of Uskayaw.
   787 | D:2      | Found a deep blue altar of Sif Muna.
   790 | D:2      | Found a glowing golden altar of the Shining One.
   791 | D:2      | Found an ancient bone altar of Kikubaaqudgha.
   890 | D:2      | Reached skill level 3 in Axes
   890 | D:2      | Reached XP level 3. HP: 32/33 MP: 2/2
  1302 | D:2      | Noticed Robin
  1310 | D:2      | Killed Robin
  1324 | D:2      | Reached XP level 4. HP: 35/40 MP: 3/3
  2356 | D:4      | Noticed an ogre
  2370 | D:4      | Slain by an ogre

Skill      XL: |  1  2  3  4 |
---------------+-------------+-----
Dodging        | 1 2 |  2.1
Axes           | 3 |  3.4
Armour         | 4 |  4.3
Shields        | 4 |  4.0
Fighting       | |  3.9

Action                   |  1- 3 |  4- 6 || total
-------------------------+-------+-------++-------
Melee: War axe           |    62 |    27 ||    89
       Headbutt          |    10 |     1 ||    11
  Use: Potion            |       |     2 ||     2
  Eat: Chunk             |     1 |     4 ||     5
Armor: Scale mail        |    22 |    13 ||    35
Dodge: Dodged            |    19 |     8 ||    27
Block: Shield            |    30 |    11 ||    41
